 Dungeon Crawl Stone Soup version 0.28-a0-883-gc8d7bad45d (webtiles) character file.

Game seed: 13372347579281757906

10025 mandarbmax the Fighter (level 11, -1/195 HPs)
             Began as an Ogre Transmuter on Nov 21, 2021.
             Was a Follower of Ru.
             Slain by a hog (3 damage)
             ... led by Kirke
             ... on level 12 of the Dungeon.
             The game lasted 00:33:42 (12842 turns).

mandarbmax the Fighter (Ogre Transmuter)           Turns: 12842, Time: 00:33:43

Health: -1/195     AC:  9    Str: 16    XL:     11   Next: 55%
Magic:  18/18      EV: 10    Int: 16    God:    Ru [*.....]
Gold:   524        SH:  0    Dex: 10    Spells: 11/20 levels left

rFire   . . .      SeeInvis .     - Unarmed
rCold   . . .      Faith    .   (no shield)
rNeg    . . .      Spirit   .   c - +0 steam dragon scales
rPois   .          Reflect  .   x - +0 hat
rElec   .          Harm     .   q - +2 cloak
rCorr   .          Rampage  .   (gloves unavailable)
Will    +....                   (boots unavailable)
Stlth   ..........              p - amulet of regeneration
HPRegen 1.42/turn               (no ring)
MPRegen 0.16/turn               (no ring)

@: mighty, berserking, silenced, marked, flying, very quick
A: large, unfitting armour, tough skin 1, inability to train armour, evolution 1
a: Renounce Religion


You were on level 12 of the Dungeon.
You worshipped Ru.
Ru was aware of your devotion.
You visited 2 branches of the dungeon, and saw 12 of its levels.
You also visited: Ossuary.

You collected 524 gold pieces.

Inventory:

Missiles
 b - 4 curare-tipped darts (quivered)
 s - 19 poisoned darts
 B - 2 boomerangs
Armour
 c - +0 steam dragon scales (worn)
 f - a +1 troll leather armour
 q - a +2 cloak (worn)
 x - a +0 hat (worn)
Jewellery
 p - an amulet of regeneration (around neck)
 t - a ring of protection from cold
Wands
 C - a wand of flame (13)
Scrolls
 l - 4 scrolls of amnesia
 n - a scroll of fear {unknown}
 r - a scroll of brand weapon {unknown}
 u - 2 scrolls of fog
 v - a scroll of enchant armour
 y - 3 scrolls of immolation
 z - a scroll of magic mapping
Potions
 a - a potion of might
 d - 5 potions of attraction
 g - 4 potions of haste
 h - 6 potions of curing
 j - 3 potions of flight
 m - 2 potions of resistance
 o - a potion of ambrosia
 w - 3 potions of mutation
 A - 2 potions of brilliance


   Skills:
 + Level 14.0 Fighting
 - Level 2.0 Dodging
 + Level 10.3 Unarmed Combat
 - Level 5.0 Spellcasting
 - Level 8.0 Transmutations


You had 11 spell levels left.
You knew the following spells:

 Your Spells              Type           Power      Damage    Failure   Level
b - Wereblood             Tmut           29%        N/A       1%          2
c - Spider Form           Tmut/Pois      16%        N/A       9%          3
d - Ice Form              Ice/Tmut       16%        N/A       28%         4

Your spell library contained the following spells:

 Spells                   Type           Power      Damage    Failure   Level
 Beastly Appendage        Tmut           58%        N/A       1%          1
 Magic Dart               Conj           16%        1d3       16%         1
 Slow                     Hex            16%        N/A       16%         1
 Call Imp                 Summ           4%         N/A       22%         2
 Confusing Touch          Hex            4%         N/A       41%         3
 Gell's Gravitas          Tloc           4%         N/A       41%         3
 Inner Flame              Hex/Fire       4%         N/A       41%         3
 Mephitic Cloud           Conj/Pois/Air  4%         N/A       41%         3
 Teleport Other           Tloc           4%         N/A       41%         3
 Vampiric Draining        Necr           4%         2d6       41%         3
 Cause Fear               Hex            2%         N/A       83%         4
 Dispersal                Tloc           2%         N/A       100%        6
 Discord                  Hex            2%         N/A       100%        8


Dungeon Overview and Level Annotations

Branches:
Dungeon (10/15)            Temple (1/1) D:7            Lair (0/6) D:9
    Orc (0/2) D:12        Ossuary (visited)

Altars:
Cheibriados
Dithmenos
Elyvilon
Hepliaklqana
Kikubaaqudgha
Nemelex Xobeh
Ru
Sif Muna
Uskayaw
The Shining One

Annotations:
D:7 2 transporters, jr88keys's ghost, novice OpFi
D:12 Kirke


Innate Abilities, Weirdness & Mutations

You are too large for most types of armour.
You have tough skin. (AC +1)
You cannot train Armour skill.
You have hidden genetic potential.


Message History

You punch Kirke!
Kirke is heavily wounded.
The orc priest begins to pray, but is stunned by your conviction!
The orc hits you with a +0 club.
* * * LOW HITPOINT WARNING * * *
Kirke hits you.
* * * LOW HITPOINT WARNING * * *
You punch Kirke!
Kirke is heavily wounded.
The hog bites you.
* * * LOW HITPOINT WARNING * * *
The hog bites you but does no damage. The hog closely misses you.
The hog bites you but does no damage. The orc closely misses you.
Unknown command.
You pummel Kirke!!
Kirke is severely wounded.
The orc hits you but does no damage. Kirke hits you but does no damage.
The hog bites you!
* * * LOW HITPOINT WARNING * * *
The hog barely misses you. The hog bites you!
* * * LOW HITPOINT WARNING * * *
The hog bites you.
* * * LOW HITPOINT WARNING * * *
The cyclops hits you!
* * * LOW HITPOINT WARNING * * *
Unknown command.
You are too berserk!
You are too berserk!
You hit Kirke.
Kirke is severely wounded.
You redirect the orc's attack!
The orc barely misses the orc.
Unknown command.
You punch Kirke!
Kirke is almost dead.
The hog bites you but does no damage. The hog bites you.
* * * LOW HITPOINT WARNING * * *
The hog bites you but does no damage. The orc closely misses you.
The hog bites you.
You die...

......... ... .....# ...
........ ....
#....##.... #......
....##..........##......
#.......... ............
#......o.. ........##..
.....{hoo###........##..
.....gChohhyo.....o.yyy.
.....hh@hooy.........y..
.....h@hooy..........##.
.)....yooyy.......y..# .
.................y......
........................
...........!.......##...
................... ...
..##....$.....##$.. ...
.. #... ...


You could see Kirke, a cyclops, 7 hogs, 2 wargs, 6 vampire mosquitoes, 3 orc
priests, 8 orcs and a hobgoblin.

Vanquished Creatures
  A centaur warrior (D:9)
  Pikel (D:8)
  An ugly thing (D:9)
  A kobold demonologist (D:9)
  Maggie (D:6)
  2 trolls (D:9)
  A hornet (D:8)
  A wraith (Ossuary)
  11 yaks
  3 wyverns
  2 basilisks (D:9)
  A steam dragon (D:9)
  6 water moccasins
  2 orc warriors
  3 ice beasts
  A black bear (D:7)
  3 centaurs
  2 lemures (D:8)
  5 ogres
  4 wolves (D:9)
  A kobold brigand (D:8)
  Blork the orc (D:6)
  4 bullfrogs
  A gnoll sergeant (D:7)
  3 scorpions
  A water moccasin zombie (D:5)
  6 killer bees (D:8)
  6 wights (D:9)
  A howler monkey (D:8)
  2 centaur zombies
  2 bullfrog zombies
  Crazy Yiuf (D:3)
  2 jellies (D:6)
  2 hounds
  A centaur skeleton (D:5)
  2 orc priests
  Jessica (D:3)
  2 iguanas (D:6)
  6 orc wizards
  A killer bee zombie (D:9)
  A mummy (Ossuary)
  3 howler monkey zombies
  10 gnolls
  A howler monkey skeleton (D:5)
  9 adders
  A shadow imp (D:8)
  A white imp (D:7)
  2 ufetubi
  2 worms
  A dart slug (D:2)
  23 orcs
  9 ball pythons
  4 endoplasms
  2 giant cockroaches
  6 goblins
  6 hobgoblins
  11 jackals
  11 kobolds
  3 quokkas
  8 bats
  4 frilled lizards
  4 gnoll skeletons (Ossuary)
  6 kobold skeletons (Ossuary)
  15 orc skeletons (Ossuary)
  9 rats
250 creatures vanquished.

Vanquished Creatures (others)
  Nergalle (D:10)
  A troll (D:9)
  An orc (D:9)
  5 fungi (D:9)
  16 plants (D:9)
24 creatures vanquished.

Grand Total: 274 creatures vanquished

Notes
Turn   | Place    | Note
-------+----------+-------------------------------------------
     0 | D:1      | mandarbmax the Ogre Transmuter began the quest for the Orb.
     0 | D:1      | Reached XP level 1. HP: 19/19 MP: 3/3
   533 | D:1      | Reached XP level 2. HP: 26/28 MP: 2/5
   536 | D:1      | Learned a level 2 spell: Wereblood
   576 | D:1      | Reached skill level 2 in Fighting
  1029 | D:1      | Reached XP level 3. HP: 28/35 MP: 0/7
  1051 | D:1      | Learned a level 3 spell: Spider Form
  2629 | D:2      | Reached XP level 4. HP: 37/44 MP: 3/8
  2995 | D:3      | Reached skill level 3 in Fighting
  3131 | D:3      | Noticed Jessica
  3151 | D:3      | Killed Jessica
  3597 | D:3      | Reached XP level 5. HP: 53/53 MP: 1/9
  4133 | D:3      | Found a runed translucent door.
  4134 | D:3      | Noticed Crazy Yiuf
  4227 | D:3      | Killed Crazy Yiuf
  4228 | D:3      | Reached skill level 4 in Fighting
  4509 | D:4      | Reached XP level 6. HP: 47/63 MP: 2/10
  5004 | D:4      | Noticed an ice beast
  5030 | D:4      | Reached skill level 5 in Fighting
  5032 | D:4      | Killed an ice beast
  5033 | D:4      | Reached XP level 7. HP: 55/72 MP: 3/11
  5530 | D:4      | Identified the +2 ring mail of Caxo {rPois rF+ Dex+2}
  5674 | D:5      | Entered Level 5 of the Dungeon
  5681 | D:5      | Reached skill level 6 in Fighting
  5686 | D:5      | Reached skill level 5 in Unarmed Combat
  5841 | D:5      | Found a snail-covered altar of Cheibriados.
  5841 | D:5      | Found a shimmering blue altar of Sif Muna.
  5919 | D:5      | Reached XP level 8. HP: 35/84 MP: 3/12
  6320 | D:5      | Reached skill level 7 in Fighting
  6320 | D:5      | Reached skill level 5 in Transmutations
  6339 | D:5      | Learned a level 4 spell: Ice Form
  6437 | D:5      | Found a sparkling altar of Nemelex Xobeh.
  7013 | D:6      | Noticed Maggie
  7034 | D:6      | Killed Maggie
  7035 | D:6      | Reached skill level 8 in Fighting
  7269 | D:6      | Reached XP level 9. HP: 93/97 MP: 11/15
  7316 | D:6      | Noticed Blork the orc
  7326 | D:6      | Killed Blork the orc
  7694 | D:6      | Reached skill level 9 in Fighting
  8054 | D:7      | Noticed a queen bee
  8061 | D:7      | Found a transporter.
  8064 | D:7      | Found a transporter.
  8071 | D:7      | Found a staircase to the Ecumenical Temple.
  8079 | Temple   | Entered the Ecumenical Temple
  8097 | Temple   | Became a worshipper of Ru the Awakened
  8149 | D:7      | Found a sand-covered staircase.
  8155 | Ossuary  | Entered an ossuary
  8570 | D:7      | Noticed a hornet
  8582 | D:7      | Noticed jr88keys's ghost (novice OpFi)
  9013 | D:7      | Reached skill level 10 in Fighting
  9221 | D:7      | Gained mutation: You cannot train Armour skill. [Ru
                  | sacrifice]
  9221 | D:7      | Reached * piety under Ru
  9498 | D:7      | Found a white marble altar of Elyvilon.
  9910 | D:8      | Noticed a hornet
  9918 | D:8      | Killed a hornet
  9919 | D:8      | Reached skill level 11 in Fighting
  9919 | D:8      | Reached XP level 10. HP: 102/113 MP: 11/16
 10100 | D:8      | Noticed Pikel
 10116 | D:8      | Killed Pikel
 10117 | D:8      | Reached skill level 5 in Spellcasting
 10424 | D:8      | Found a hide-covered altar of Uskayaw.
 11058 | D:9      | Reached skill level 12 in Fighting
 11243 | D:9      | Noticed a tengu warrior
 11246 | D:9      | Noticed a wizard
 11708 | D:9      | Reached skill level 13 in Fighting
 11708 | D:9      | Reached XP level 11. HP: 120/125 MP: 12/18
 11732 | D:9      | Noticed a green ugly thing
 11744 | D:9      | Killed a green ugly thing
 11747 | D:9      | Noticed a centaur warrior
 12223 | D:9      | Killed a centaur warrior
 12224 | D:9      | Reached skill level 10 in Unarmed Combat
 12483 | D:9      | Found a staircase to the Lair.
 12535 | D:9      | Noticed a soul eater
 12762 | D:10     | Entered Level 10 of the Dungeon
 12777 | D:10     | Noticed Nergalle
 12793 | D:10     | Killed Nergalle
 12794 | D:10     | Reached skill level 14 in Fighting
 12825 | D:10     | You fall into a shaft and drop 2 floors!
 12830 | D:12     | Found a staircase to the Orcish Mines.
 12830 | D:12     | Noticed Kirke
 12830 | D:12     | Noticed a cyclops
 12833 | D:12     | Gained mutation: You have hidden genetic potential. [potion
                  | of mutation]
 12833 | D:12     | Gained mutation: Your flesh is cold resistant. (rC+)
                  | [potion of mutation]
 12833 | D:12     | Lost mutation: Your flesh is cold resistant. (rC+) [potion
                  | of mutation]
 12840 | D:12     | HP: 1/195 [cyclops (13)]
 12842 | D:12     | Slain by a hog

Illustrated notes

Levels and vault maps discovered:
D:1:      dpeg_arrival_stone_temple_mockup, layout_basic, minmay_vboxes
D:2:      layout_basic, hex_medium
D:3:      layout_basic, chequers_mini_garden, kennysheep_generic_room_16,
          uniq_jessica, uniq_crazy_yiuf_cottage
D:4:      layout_rooms, chequers_serial_rivers_large_b
D:5:      layout_rooms, nemelex_dance_club_becter,
          mainiacjoe_overflow_divided_tiny
D:6:      layout_basic, minmay_misc_feat_columns, uniq_blork_the_orc,
          uniq_maggie
D:7:      layout_loops_corners, kennysheep_mini, minmay_temple_entry_wispy,
          gammafunk_ghost_hive, nicolae_ossuary_entry_monument, minivault_5
D:8:      layout_cave_pods, mainiacjoe_overflow_surrounded_room, uniq_pikel
D:9:      hangedman_cross_stitches, layout_long_grid, minmay_lair_entry_grove
D:10:     layout_irregular_city, mainiacjoe_overflow_concentric_impassable,
          hangedman_abyss_or_decor_passed, uniq_maurice, uniq_nergalle
D:12:     layout_basic, erik_orc_4, enter_bailey_3, uniq_kirke
Temple:   regret_index_temple_sphere_string

Skill      XL: |  1  2  3  4  5  6  7  8  9 10 11 |
---------------+----------------------------------+-----
Dodging        | 2 |  2.0
Transmutations | 2 3 4 5 6 7 8 |  8.0
Fighting       | 2 3 4 5 6 8 11 13 14 | 14.0
Unarmed Combat | 3 4 5 6 8 9 10 | 10.3
Spellcasting   | 3 4 5 |  5.0

Action                   |  1- 3 |  4- 6 |  7- 9 | 10-12 || total
-------------------------+-------+-------+-------+-------++-------
Melee: Unarmed           |   127 |   125 |   321 |   257 ||   830
       Headbutt          |     6 |     8 |     4 |       ||    18
       Kick              |    19 |     7 |     9 |       ||    35
       Punch             |     1 |       |     1 |     1 ||     3
Throw: Dart              |       |       |     3 |       ||     3
 Cast: Beastly Appendage |    25 |    14 |     4 |       ||    43
       Wereblood         |    12 |     8 |    19 |    17 ||    56
       Spider Form       |     2 |    13 |    42 |    29 ||    86
       Ice Form          |       |       |     1 |     1 ||     2
Invok: Sacrifice Durabil |       |       |     1 |       ||     1
  Use: Scroll            |       |       |    11 |     7 ||    18
       Potion            |       |       |     1 |    10 ||    11
 Stab: Sleeping          |       |       |     2 |       ||     2
Armor: Robe              |    59 |    20 |    15 |       ||    94
       Skin              |     1 |     6 |    18 |    23 ||    48
       Steam dragon scal |       |       |     8 |    31 ||    39
Dodge: Dodged            |    61 |    75 |   236 |   232 ||   604

Table legend: (Time is in decaauts)
 A = Elapsed time spent in this place.
 B = Non-inter-level travel time spent in this place.
 C = Inter-level travel time spent in this place.
 D = Time resting spent in this place.
 E = Time spent auto-exploring this place.
 F = Levels seen in this place.
 G = Mean time per level.
                   A        B        C        D        E       F      G
               +--------+--------+--------+--------+--------+-----+--------+
         Total |  12794 |  12497 |    297 |   2377 |   8081 |  13 |  984.2 |
       Dungeon |  12366 |  12085 |    281 |   2329 |   7888 |  11 | 1124.2 |
        Temple |     34 |     18 |     16 |      0 |      0 |   1 |   34.0 |
       Ossuary |    393 |    393 |      0 |     48 |    193 |   1 |  393.0 |
               +--------+--------+--------+--------+--------+-----+--------+

Top non-repeatable levels by time:
     D:8: 1807 daAuts
     D:3: 1755 daAuts
     D:1: 1620 daAuts
     D:2: 1357 daAuts
     D:7: 1275 daAuts
     D:9: 1188 daAuts
     D:4: 1145 daAuts
     D:6: 1102 daAuts
     D:5: 1039 daAuts
 Ossuary: 393 daAuts
    D:10: 60 daAuts
  Temple: 34 daAuts
    D:12: 13 daAuts
